 Dungeon Crawl Stone Soup version 0.28.0-45-g0d030f2227 (webtiles) character file.

Game seed: 853845875462498478

0 ImHallYall the Gusty (level 1, -1/14 HPs)
             Began as a Demigod Air Elementalist on Apr 7, 2022.
             Killed from afar by a dart slug (2 damage)
             ... with a slug dart
             ... on level 1 of the Dungeon.
             The game lasted 00:00:44 (59 turns).

ImHallYall the Gusty (Demigod Air Elementalist)       Turns: 59, Time: 00:00:46

Health: -1/14      AC:  4    Str:  9    XL:     1   Next: 0%
Magic:  3/5        EV: 12    Int: 17    God:
Gold:   0          SH:  0    Dex: 14    Spells: 2/3 levels left

rFire   . . .      SeeInvis .   (no weapon)
rCold   . . .      Faith    .   (no shield)
rNeg    . . .      Spirit   .   a - +0 robe
rPois   .          Reflect  .   b - +1 helmet
rElec   .          Harm     .   (no cloak)
rCorr   .          Rampage  .   (no gloves)
Will    .....                   (no boots)
Stlth   ++........              (no amulet)
HPRegen 0.04/turn               (no ring)
MPRegen 0.09/turn               (no ring)

@: no status effects
A: high MP 1, forlorn, divine attributes
a: no special abilities


You were on level 1 of the Dungeon.
You visited 1 branch of the dungeon, and saw 1 of its levels.

Inventory:

Armour
 a - a +0 robe (worn)
 b - a +1 helmet (worn)
 c - a +0 leather armour


   Skills:
 + Level 1.7 Dodging
 + Level 1.7 Stealth
 + Level 1.7 Spellcasting
 + Level 0.8 Conjurations
 + Level 2.6 Air Magic


You had 2 spell levels left.
You knew the following spells:

 Your Spells              Type           Power      Damage    Failure   Level
a - Shock                 Conj/Air       28%        1d4       10%         1

Your spell library contained the following spells:

 Spells                   Type           Power      Damage    Failure   Level
 Static Discharge         Conj/Air       7%         N/A       14%         2
 Swiftness                Air            10%        N/A       21%         3
 Airstrike                Air            5%         N/A       54%         4


Dungeon Overview and Level Annotations

Branches:
Dungeon (1/15)


Innate Abilities, Weirdness & Mutations

You have an increased reservoir of magic. (+10% MP)
You shall have no god before yourself.
Your divine heritage dramatically boosts your attributes as you level up.


Message History

A dart slug comes into view.
You hit the dart slug.
The dart slug is moderately wounded.
The ball python closely misses you. x2; The dart slug closely misses you.
You hit the dart slug.
The dart slug is moderately wounded.
The ball python completely misses you. The ball python grabs you.
The ball python constricts you.
You hit the dart slug but do no damage.
The dart slug is moderately wounded.
The ball python bites you but does no damage.
The ball python constricts you. The dart slug closely misses you.
The ball python bites you. The ball python constricts you.
You hit the dart slug.
The dart slug is heavily wounded.
The ball python bites you. The ball python constricts you.
The dart slug launches a dart at you. The slug dart hits you.
You hit the dart slug.
The dart slug is severely wounded.
The ball python bites you.
* * * LOW HITPOINT WARNING * * *
The ball python constricts you.
* * * LOW HITPOINT WARNING * * *
Casting: Shock (safe; 10% risk of failure)
Confirm with . or Enter, or press ? or * to list all spells.
Aiming: Shock (safe; 10% risk of failure)
Press: ? - help, Shift-Dir - straight line The zap misses the ball python. x2; The ball python bites you.
* * * LOW HITPOINT WARNING * * *
The ball python constricts you. The dart slug closely misses you.
Casting: Shock (safe; 10% risk of failure)
Confirm with . or Enter, or press ? or * to list all spells.
Aiming: Shock (safe; 10% risk of failure)
Press: ? - help, Shift-Dir - straight line The zap hits the ball python.
You kill the ball python!
The dart slug launches a dart at you. The slug dart hits you.
You die...

.# .## ..# #.# #.#
##### #.######
.....(####..†@w.#
..?...#......##..#
..............#.)#
.................#
.....>...........#
........#.#....#.#
.....####∩###..#.#
..####.....###.# !
#####.#.......♣###
#


You could see a dart slug.

Vanquished Creatures
  A ball python (D:1)
1 creature vanquished.

Notes
Turn   | Place    | Note
-------+----------+-------------------------------------------
     0 | D:1      | ImHallYall the Demigod Air Elementalist began the quest for
                  | the Orb.
     0 | D:1      | Reached XP level 1. HP: 14/14 MP: 5/5
    59 | D:1      | Killed from afar by a dart slug

Illustrated notes

Levels and vault maps discovered:
D:1:      nzn_arrival_settlement, layout_rooms, ebering_ecumenical_altar_hall,
          chequers_arboretum, minivault_23, serial_bayou_crossing

Action                   || total
-------------------------++-------
Melee: Unarmed           ||     5
 Cast: Shock             ||     2
Armor: Robe              ||     1
Dodge: Dodged            ||     6
